 Dungeon Crawl Stone Soup version 0.31.0-2-g5a2aebc5c2 (webtiles) character file.

Game seed: 18205189031586677772

33 BeingJoeMalik the Poker (level 3, 0/27 HPs)
             Began as a Merfolk Gladiator on Jan 20, 2024.
             Succumbed to an adder's poison
             ... on level 2 of the Dungeon.
             The game lasted 00:02:03 (1176 turns).

BeingJoeMalik the Poker (Merfolk Gladiator)         Turns: 1176, Time: 00:02:04

Health: 0/27       AC:  4    Str: 16    XL:     3   Next: 29%
Magic:  3/3        EV: 13    Int:  7    God:
Gold:   56         SH:  0    Dex: 15    Spells: 2/2 levels left

rFire   . . .        a - +0 trident
rCold   . . .        (no shield)
rNeg    . . .        b - +0 leather armour
rPois   .            c - +0 helmet
rElec   .            (no cloak)
rCorr   .            (no gloves)
SInv    .            (no boots)
Will    +....        (no amulet)
Stlth   +            (no ring)
HPRegen 0.24/turn    (no ring)
MPRegen 0.08/turn

%: no passive effects
@: lethally poisoned (0 -> -2), on berserk cooldown, enlightened, flying, hasted
and slowed
A: (nimble swimmer 2), mertail
a: no special abilities


You were on level 2 of the Dungeon.
You visited 1 branch of the dungeon, and saw 2 of its levels.

You collected 56 gold pieces.

Inventory:

Hand Weapons
 a - a +0 trident (weapon)
Missiles
 d - 2 throwing nets (quivered)
 e - a javelin
 i - 7 poisoned darts
Armour
 b - a +0 leather armour (worn)
 c - a +0 helmet (worn)
Scrolls
 g - 2 scrolls of fear {unknown}
 h - 5 scrolls of identify {unknown}
 j - a scroll of immolation {unknown}


   Skills:
 - Level 2.1 Fighting
 + Level 5.7 Polearms
 - Level 2.0 Throwing
 - Level 4.0 Dodging


You had 2 spell levels left.
You didn't know any spells.
Your spell library contained the following spells:

 Spells                   Type           Power      Damage    Failure   Level
 Animate Dead             Necr           0%         N/A       99%         4
 Haunt                    Necr/Summ      0%         N/A       100%        7
 Infestation              Necr           0%         N/A       100%        8


Dungeon Overview and Level Annotations

Branches:
Dungeon (2/15)

Altars:


Innate Abilities, Weirdness & Mutations

((You are very nimble when in or above water. (Stealth+, EV+, Speed+++)))
Your lower body shifts to a powerful aquatic tail in water.


Message History

You feel sick. The adder attacks as it pursues you!
The adder bites you but does no damage.
You feel sick.
You feel sick. The adder bites you.
You are more poisoned.
The adder poisons you!
You feel sick. The adder attacks as it pursues you! The adder bites you.
You are lethally poisoned!
The adder poisons you!
* * * LOW HITPOINT WARNING * * *
You feel very sick.
It was a potion of berserk rage.
A red film seems to cover your vision as you go berserk!
You feel yourself moving faster!
You feel mighty!
You feel sick. The adder bites you.
* * * LOW HITPOINT WARNING * * *
The adder misses you.
Unknown command.
You feel a strong urge to attack something.
* * * LOW HITPOINT WARNING * * *
You feel sick.
* * * LOW HITPOINT WARNING * * *
You feel sick.
You feel your anger nearly subside.
* * * LOW HITPOINT WARNING * * *
You feel sick.
The gnoll throws a throwing net.
The throwing net barely misses you.
Items here: (( ) ÷ †.
You are no longer berserk.
You are exhausted.
You feel yourself slow down.
* * * LOW HITPOINT WARNING * * *
You feel sick.
It was a potion of haste.
You feel yourself speed up.
* * * LOW HITPOINT WARNING * * *
You feel sick. The adder closely misses you.
It was a potion of enlightenment.
You feel very buoyant.
You fly up into the air.
You die...

## ##### ###
.###.#.#############.#
..†..#<..............#
.###.###############.#
.# #..........# #.#
.############.######.#
..............gS@....#
#######........#######
#.. #......)..# #.#
#..(..g#..# #.#
#......#..# #.#
#......#..######## ...
#.#...............
#.####.#.###......#####
#.S........#..........


You could see 2 gnolls and an adder.

Vanquished Creatures
  An adder (D:2)
  4 endoplasms
  2 giant cockroaches (D:1)
  A goblin (D:2)
  3 hobgoblins
  2 jackals (D:2)
  2 kobolds
  2 quokkas (D:1)
  2 bats (D:1)
19 creatures vanquished.

Notes
Turn   | Place    | Note
-------+----------+-------------------------------------------
     0 | D:1      | BeingJoeMalik the Merfolk Gladiator began the quest for the
                  | Orb.
     0 | D:1      | Reached XP level 1. HP: 16/16 MP: 1/1
   358 | D:1      | Reached XP level 2. HP: 22/22 MP: 2/2
   496 | D:1      | Reached skill level 5 in Polearms
   975 | D:2      | Reached XP level 3. HP: 7/27 MP: 3/3
  1174 | D:2      | HP: 1/27 [poisoned by an adder]
  1176 | D:2      | Succumbed to an adder's poison

Illustrated notes

Levels and vault maps discovered:
D:1:      dpeg_arrival_boxorama, layout_basic
D:2:      layout_basic

Skill      XL: |  1  2 |
---------------+-------+-----
Polearms       | 5 |  5.7
Fighting       | |  2.1
Throwing       | |  2.0
Dodging        | |  4.0

Action                     || total
---------------------------++-------
  Melee: Trident           ||    75
         Punch             ||     1
  Throw: Throwing net      ||     1
    Use: Potion            ||     3
 Armour: Leather armour    ||    36
  Dodge: Dodged            ||    50
